 Dungeon Crawl Stone Soup version 0.30-a0-167-g62a5988fa7 (webtiles) character file.

Game seed: 13533416485865918516

28 qw the Shield-Bearer (level 3, -7/23 HPs)
             Began as a Gargoyle Fighter on Sept 29, 2022.
             Mangled by an iron imp (9 damage)
             ... summoned by Natasha
             ... on level 2 of the Dungeon.
             The game lasted 00:00:23 (1039 turns).

qw the Shield-Bearer (Gargoyle Fighter)             Turns: 1039, Time: 00:00:24

Health: -7/23      AC: 11    Str: 21    XL:     3   Next: 12%
Magic:  3/3        EV:  9    Int:  8    God:
Gold:   54         SH:  4    Dex:  9    Spells: 2/2 levels left

rFire   . . .      SeeInvis .    Y - +0 war axe
rCold   . . .      Faith    .    c - +0 buckler
rNeg    + + .      Spirit   .    b - +0 scale mail
rPois   inf        Reflect  .    (no helmet)
rElec   +          Harm     .    (no cloak)
rCorr   .          Rampage  .    (no gloves)
Will    .....                    f - +0 pair of boots
Stlth   ..........               (no amulet)
HPRegen 0.07/turn                i - ring of positive energy
MPRegen 0.08/turn                (no ring)

@: no status effects
A: sickness immunity, AC +3, negative energy resistance 1, electricity
resistance, torment resistance 1, petrification resistance
a: no special abilities


You were on level 2 of the Dungeon.
You visited 1 branch of the dungeon, and saw 2 of its levels.

You collected 54 gold pieces.


Innate Abilities, Weirdness & Mutations

You are immune to sickness and miasma.
Your stone body is resilient. (AC +3)
You are immune to poison.
You resist negative energy. (rN+)
You are resistant to electric shocks. (rElec)
You are resistant to unholy torment.
You are immune to petrification.


   Skills:
 - Level 3.2 Fighting
 + Level 3.2 Axes
 - Level 3.2 Armour
 - Level 3.2 Shields


You had 2 spell levels left.
You didn't know any spells.
Your spell library was empty.

Inventory:

Hand Weapons
 g - a +0 whip
 Y - a +0 war axe (weapon)
Armour
 b - a +0 scale mail (worn)
 c - a +0 buckler (worn)
 f - a +0 pair of boots (worn)
Jewellery
 i - a ring of positive energy (left hand)
Potions
 d - a potion of might
 h - a potion of heal wounds {unknown}
 m - a potion of flight {unknown}

Dungeon Overview and Level Annotations

Branches:
Dungeon (2/15)

Altars:

Annotations:
D:2 Natasha


Message History

Natasha claws you. The crimson imp completely misses you.
Natasha barely misses you.
You hit the crimson imp.
The crimson imp is severely wounded.
You completely miss Natasha. The crimson imp closely misses you.
Natasha claws you.
A goblin comes into view. It is wielding a +0 dagger.
The goblin shouts!
You hit the crimson imp but do no damage.
The crimson imp is severely wounded.
You closely miss Natasha. You block the crimson imp's attack.
Natasha stares at you and mumbles some strange words.
You resist with significant effort.
The crimson imp hits you but does no damage.
Natasha claws you but does no damage.
You closely miss the crimson imp.
The crimson imp is heavily wounded.
You closely miss Natasha.
The crimson imp blinks!
Natasha casts a spell.
You closely miss Natasha. You closely miss the iron imp.
Natasha claws you but does no damage. The iron imp hits you!
You closely miss Natasha. You barely miss the iron imp. Natasha claws you.
Natasha barely misses you. The iron imp barely misses you.
You closely miss Natasha. You closely miss the goblin.
You hit the iron imp but do no damage. The goblin hits you with a +0 dagger.
Natasha barely misses you. The iron imp hits you.
You completely miss Natasha. You hit the goblin but do no damage.
You hit the iron imp. The goblin hits you with a +0 dagger.
The crimson imp blinks!
Natasha barely misses you. The goblin hits you but does no damage.
The iron imp completely misses you.
You hit the iron imp.
The iron imp is moderately wounded.
You hit Natasha. You closely miss the goblin.
Natasha claws you but does no damage. The goblin hits you but does no damage.
The iron imp hits you!
You die...

.... ....
.... #..
#...
###...###
#.h....g#
#h# #@#
#.¤g5#
####.#
... #.#
#.# ..#
###


You could see an iron imp (summoned), Natasha, a hobgoblin and a goblin.

Vanquished Creatures
  2 dart slugs (D:1)
  2 ball pythons (D:1)
  3 bats
  3 endoplasms (D:1)
  2 goblins (D:1)
  2 hobgoblins (D:1)
  2 kobolds (D:1)
  2 quokkas (D:1)
  2 frilled lizards (D:1)
  A spectral hobgoblin (D:1)
21 creatures vanquished.

Notes
Turn   | Place    | Note
-------+----------+-------------------------------------------
     0 | D:1      | qw the Gargoyle Fighter began the quest for the Orb.
     0 | D:1      | Reached XP level 1. HP: 14/14 MP: 1/1
     0 | D:1      | 0 ||| qw: Version: 0.2-a-12-gaebbb33
     0 | D:1      | 0 ||| qw: Game counter: 1071
     0 | D:1      | 0 ||| qw: Always use a shield: true
     0 | D:1      | 0 ||| qw: God list: Okawaru
     0 | D:1      | 0 ||| qw: Allow faded altars: false
     0 | D:1      | 0 ||| qw: Do Orc after D:15 true
     0 | D:1      | 0 ||| qw: Do second Lair branch before Depths: true
     0 | D:1      | 0 ||| qw: Lair rune preference: random
     0 | D:1      | 0 ||| qw: Plans: Normal, Zot:1-4, God:TSO, Crypt, Tomb,
                  | Pan, Slime:5, Hells, Abyss, Orb
     0 | D:1      | 0 ||| PLANNING D:1-11
   100 | D:1      | 100 ||| Stepping ~*~*~tactically~*~*~ (stealth).
   273 | D:1      | Reached XP level 2. HP: 19/19 MP: 2/2
   274 | D:1      | 274 ||| Stepping ~*~*~tactically~*~*~ (stealth).
   325 | D:1      | Found a faded altar of an unknown god.
   585 | D:1      | Reached skill level 3 in Axes
   587 | D:1      | Reached XP level 3. HP: 22/23 MP: 3/3
   656 | D:1      | 656 ||| Stepping ~*~*~tactically~*~*~ (hiding).
   658 | D:1      | 658 ||| Stepping ~*~*~tactically~*~*~ (hiding).
   980 | D:1      | 980 ||| UPGRADING to +0 pair of boots.
   985 | D:1      | 985 ||| UPGRADING to ring of positive energy.
   986 | D:1      | 986 ||| READING scroll labelled DIUGOY DARU.
   987 | D:1      | 987 ||| READING scroll labelled DEIMESUMOU.
   988 | D:1      | 988 ||| READING scroll labelled GUOGAQ VAWK.
   989 | D:1      | 989 ||| READING scroll labelled IVISHR QAOWADU.
   990 | D:1      | 990 ||| READING scroll labelled LISUUCLI VEMACS.
  1020 | D:2      | Noticed Natasha
  1021 | D:2      | 1021 ||| Stepping ~*~*~tactically~*~*~ (hiding).
  1037 | D:2      | HP: 5/23 [goblin/+0 dagger (1)]
  1038 | D:2      | HP: 2/23 [goblin/+0 dagger (2)]
  1039 | D:2      | Mangled by an iron imp

Levels and vault maps discovered:
D:1:      minmay_arrival_wavy_path, layout_basic,
          dreamdust_ecumenical_altar_drowned_temple
D:2:      layout_loops_cross, minmay_hexomino_p4, uniq_crazy_yiuf_cottage,
          uniq_natasha

Skill      XL: |  1  2 |
---------------+-------+-----
Axes           | 2 3 |  3.2
Fighting       | |  3.2
Armour         | |  3.2
Shields        | |  3.2

Action                   || total
-------------------------++-------
Melee: War axe           ||    75
  Use: Scroll            ||     5
Armor: Scale mail        ||    37
Dodge: Dodged            ||    35
Block: Buckler           ||    13

Table legend:
 A = Non-vault XP
 B = Vault XP
 C = Vault XP percentage of total XP
 D = Non-vault monster count
 E = Vault monster count
 F = Vault count percentage of total count
                 A         B        C        D         E       F
            +---------+---------+-------+---------+---------+-------
      Total |      39 |       1 |   2.5 |      20 |       1 |   4.8
            +---------+---------+-------+---------+---------+-------
        D:1 |      38 |       1 |   2.6 |      19 |       1 |   5.0
        D:2 |       1 |       0 |   0.0 |       1 |       0 |   0.0
            +---------+---------+-------+---------+---------+-------
